AoeStats
← luludul

Arabia

509856843Analyzed
2v2 RM · 3d ago on Sep 28, 2026· 31m 47s· 4 players
Game mode
Random Map
Map size
Medium (4 player)
Population
200
Speed
Normal
Resources
Standard
Victory
Conquest
Starting age
Dark Age
Ending age
Imperial Age
RankedLock teamsTeams togetherTeam positionsShared explorationLock speedFull tech treeHidden civsTurbo modeCheats
Victory
Defeat
🇦🇺 Varangians · Australia
1219
+14
🇦🇺 Vikings · Australia
1018
+22
🇫🇷 Khmer · France
1160
-18
🇹🇷 Khmer · Türkiye
1158
-18
Eyresy
11:39 Feudal Age
11:00 Loom
12:56 Double-Bit Axe
18:13 Castle Age
17:55 Horse Collar
20:47 Pikeman
21:53 Squires
El Jumbo
8:58 Feudal Age
7:15 Loom
10:24 Man-at-Arms
19:46 Castle Age
18:03 Scale Mail Armor
18:08 Double-Bit Axe
19:26 Horse Collar
19:57 Pikeman
22:54 Forging
24:16 Squires
26:00 Fletching
30:58 Chain Mail Armor
32:15 Bodkin Arrow
Hedip
7:32 Loom
9:19 Feudal Age
12:26 Castle Age
15:42 Double-Bit Axe
23:55 Bow Saw
25:21 Husbandry
25:31 Bloodlines
27:09 Bloodlines
luludul
7:33 Loom
9:18 Feudal Age
13:03 Castle Age
28:06 Double-Bit Axe
28:14 Gold Mining
Connection lost

Rejoining the realm…

Still unreachable

The connection could not be restored.

Session expired

The server has moved on; the page needs a fresh start.